 Dungeon Crawl Stone Soup version 0.31.0-9-g3a7656b989 (webtiles) character file.

Game seed: 5734871339925812789

341 qw the Shooter (level 6, -7/30 HPs)
             Began as a Spriggan Hunter on Feb 2, 2024.
             Killed by divine providence
             ... invoked by an orc priest
              (10 damage)
             ... on level 4 of the Dungeon.
             The game lasted 00:00:12 (2696 turns).

qw the Shooter (Spriggan Hunter)                    Turns: 2696, Time: 00:00:12

Health: -7/30      AC:  5    Str:  7    XL:     6   Next: 30%
Magic:  7/7        EV: 21    Int: 11    God:
Gold:   213        SH:  0    Dex: 20    Spells: 5/5 levels left

rFire   + . .        a - +0 shortbow
rCold   . . .        (shield currently unavailable)
rNeg    . . .        c - +0 robe
rPois   .            (helmet restricted)
rElec   .            b - +2 cloak
rCorr   .            (gloves unavailable)
SInv    +            (boots unavailable)
Will    +....        j - amulet of regeneration
Stlth   ++           h - ring of protection from fire
HPRegen 1.05/turn    (no ring)
MPRegen 0.10/turn

%: no passive effects
@: very quick
A: very small, no large weapons, unfitting armour, see invisible, speed 3
a: no special abilities


You were on level 4 of the Dungeon.
You visited 1 branch of the dungeon, and saw 4 of its levels.

You collected 213 gold pieces.


Innate Abilities, Weirdness & Mutations

You are very small and have problems with some larger weapons.
You are too small for most types of armour.
You have supernaturally acute eyesight. (SInv)
You cover ground extremely quickly. (Speed+++)


   Skills:
 - Level 2.2 Fighting
 + Level 6.1 Ranged Weapons
 - Level 6.0 Dodging
 - Level 1.5 Stealth


You had 5 spell levels left.
You didn't know any spells.
Your spell library was empty.

Inventory:

Hand Weapons
 a - a +0 shortbow (weapon)
Armour
 b - a +2 cloak (worn)
 c - a +0 robe (worn)
Jewellery
 h - a ring of protection from fire (left hand)
 j - an amulet of regeneration (around neck)
Wands
 d - a wand of polymorph (13)
Scrolls
 e - a scroll of brand weapon {unknown}
 l - a scroll of enchant armour
Potions
 f - a potion of resistance {unknown}
 i - a potion of curing

Dungeon Overview and Level Annotations

Branches:
Dungeon (4/15)
 Temple: D:4-7

Altars:
Cheibriados
Vehumet

Shops:
D:1 :*

Annotations:
D:3 3 runed translucent doors, qw's ghost, amateur DEHu


Message History

The orc priest invokes the aid of Beogh against you.
Beogh smites you!
The jackal bites you but does no damage.
You shoot an arrow. The arrow closely misses the jackal.
The arrow barely misses the orc wizard.
The arrow closely misses the orc priest.
The jackal completely misses you. x2
You shoot an arrow. The arrow closely misses the jackal.
The arrow barely misses the orc wizard.
The arrow hits the orc priest but does no damage.
The orc priest is almost dead.
The jackal bites you.
You shoot an arrow. The arrow hits the jackal.
You kill the jackal!
You shoot an arrow. The arrow hits the orc wizard.
The orc wizard is heavily wounded.
The orc wizard misses you.
You shoot an arrow. The arrow hits the orc wizard.
The orc wizard is severely wounded.
The orc priest casts a cantrip, but nothing happens.
The orc wizard closely misses you.
You shoot an arrow. The arrow hits the orc wizard!
You kill the orc wizard!
You shoot an arrow.
The arrow hits the orc but does no damage.
The orc misses you.
The orc priest mumbles some strange prayers to Beogh against you.
Beogh smites you!
You shoot an arrow. The arrow hits the orc.
The orc is severely wounded.
The orc hits you with a +0 club.
You shoot an arrow. The arrow barely misses the orc.
The arrow hits the orc priest!
The orc priest is heavily wounded.
The orc misses you.
You shoot an arrow. The arrow hits the orc.
You kill the orc!
The orc priest calls down the wrath of Beogh upon you.
Beogh smites you!
You die...

#.#~~..# # .......
#.#.~~## # ....? #.#P~##
..... #.### ... #.># .o.
#..# ## #o# ######.# #.
#)# #...##.# #.
#@###.#.##.# #)
####'#.....)..## #)
#........#.#...# #.
............#.#.#.# #.
............#.#.#.# #.
#####.###########.#####.
.#. #....... ..##
#..#.### ..~.~ #..#....


You could see 2 orc priests.

Vanquished Creatures
  A kobold brigand (D:3)
  A jelly (D:4)
  Jessica (D:3)
  An iguana (D:4)
  3 orc wizards (D:4)
  3 adders
  A dart slug (D:1)
  A ribbon worm (D:3)
  7 orcs
  3 endoplasms
  4 goblins
  9 hobgoblins
  11 jackals
  9 quokkas
  3 ball pythons
  5 bats
  4 frilled lizards
  4 kobolds
  6 rats
77 creatures vanquished.

Notes
Turn   | Place    | Note
-------+----------+-------------------------------------------
     0 | D:1      | qw the Spriggan Hunter began the quest for the Orb.
     0 | D:1      | Reached XP level 1. HP: 10/10 MP: 2/2
     0 | D:1      | 0 ||| qw: Version: 0.3-a-155-g5e7d8dd
     0 | D:1      | 0 ||| qw: Game counter: 612
     0 | D:1      | 0 ||| qw: Melee chars always use a shield: true
     0 | D:1      | 0 ||| qw: God list: Okawaru
     0 | D:1      | 0 ||| qw: Allow faded altars: false
     0 | D:1      | 0 ||| qw: Do Orc after clearing Dungeon:15 true
     0 | D:1      | 0 ||| qw: Do second Lair branch before Depths: true
     0 | D:1      | 0 ||| qw: Lair rune preference: random
     0 | D:1      | 0 ||| qw: Goals: Normal
     0 | D:1      | 0 ||| PLANNING D:1-11
    59 | D:1      | Reached skill level 3 in Dodging
   139 | D:1      | Reached XP level 2. HP: 14/14 MP: 3/3
   158 | D:1      | Found Weatrank's General Store.
   176 | D:1      | 176 ||| SHOPLISTING ring of willpower (325 gold, have 21).
   176 | D:1      | 176 ||| SHOPLISTING scroll of enchant armour (97 gold, have
                  | 21).
   623 | D:1      | Found a faded altar of an unknown god.
   688 | D:1      | Found Noupeq's Vocational Training.
   698 | D:1      | Reached XP level 3. HP: 17/18 MP: 4/4
   827 | D:1      | 827 ||| DROPPING scarf of harm.
   828 | D:1      | 828 ||| UPGRADING to amulet of regeneration.
   833 | D:1      | 833 ||| UPGRADING to ring of protection from fire.
   834 | D:1      | 834 ||| READING scroll labelled IHEATZE SIXAES.
   839 | D:1      | 839 ||| READING 3 scrolls labelled YSUETSUNODUE.
   839 | D:1      | 839 ||| IDENTIFYING bubbling orange potion
   840 | D:1      | 840 ||| READING 2 scrolls of identify.
   840 | D:1      | 840 ||| IDENTIFYING scroll labelled MUULEI FURHEA
   841 | D:1      | 841 ||| DROPPING scroll of butterflies.
   842 | D:1      | 842 ||| DROPPING scroll of noise.
  1752 | D:2      | 1752 ||| UPGRADING to +2 cloak.
  1757 | D:2      | 1757 ||| READING 4 scrolls of identify.
  1757 | D:2      | 1757 ||| IDENTIFYING scroll labelled IHAUPINIAT
  1758 | D:2      | 1758 ||| DROPPING scroll of torment.
  1812 | D:3      | Noticed a kobold brigand
  1828 | D:3      | Killed a kobold brigand
  1829 | D:3      | Reached XP level 4. HP: 14/22 MP: 5/5
  1928 | D:3      | Reached XP level 5. HP: 26/26 MP: 6/6
  1976 | D:3      | Noticed Jessica
  1977 | D:3      | Killed Jessica
  2005 | D:3      | Found a snail-covered altar of Cheibriados.
  2005 | D:3      | Found a radiant altar of Vehumet.
  2042 | D:3      | Found a runed translucent gate.
  2043 | D:3      | Found a runed translucent gate.
  2044 | D:3      | Found a runed translucent gate.
  2047 | D:3      | Noticed qw's ghost (amateur DEHu)
  2259 | D:3      | 2259 ||| READING 3 scrolls of identify.
  2259 | D:3      | 2259 ||| IDENTIFYING scroll labelled BANUDD EWUHA REXT
  2260 | D:3      | 2260 ||| READING 2 scrolls of identify.
  2260 | D:3      | 2260 ||| IDENTIFYING scroll labelled VEIRPH IQOICSU
  2261 | D:3      | 2261 ||| READING scroll of identify.
  2261 | D:3      | 2261 ||| IDENTIFYING scroll labelled FAONAOXZYAT
  2262 | D:3      | 2262 ||| READING 2 scrolls labelled NUIKATZUXOF.
  2363 | D:3      | 2363 ||| DROPPING scroll of amnesia.
  2364 | D:3      | 2364 ||| DROPPING scroll of vulnerability.
  2365 | D:3      | 2365 ||| DROPPING scroll of poison.
  2654 | D:4      | 2654 ||| DRINKING 2 potions of curing.
  2654 | D:4      | 2654 ||| (to cure confusion)
  2657 | D:4      | Reached XP level 6. HP: 30/30 MP: 7/7
  2676 | D:4      | Reached skill level 6 in Ranged Weapons
  2680 | D:4      | Reached skill level 6 in Dodging
  2686 | D:4      | HP: 7/30 [orc priest/divine providence (13)]
  2693 | D:4      | HP: 3/30 [orc priest/divine providence (11)]
  2694 | D:4      | HP: 1/30 [orc/+0 club (3)]
  2696 | D:4      | Killed from afar by an orc priest

Levels and vault maps discovered:
D:1:      dpeg_arrival_more_subterranean_lakeside_camping, layout_loops_ring,
          shapermc_ecumenical_altar_petra, serial_shops, shop, fountainhead,
          nicolae_shop_vocational
D:2:      mumra_celtic_spiral_tile, layout_loops_ring
D:3:      layout_rooms, mainiacjoe_overflow_divided_tiny,
          gammafunk_ghost_nasty_kobolds, st_stairs_8, uniq_jessica
D:4:      layout_basic, serial_aquarium, aquarium_bridge_long_joined
          [aquarium_subvault_window, aquarium_subvault_bridge,
          aquarium_subvault_balcony, aquarium_subvault_bridge,
          aquarium_subvault_window, aquarium_subvault_wall],
          aquarium_window_corridor_1, aquarium_window_corner,
          aquarium_window_corner, aquarium_window_1, aquarium_view_2a,
          aquarium_view_2c, aquarium_balcony_3b, aquarium_pool_2, serial_shops,
          shop, kennysheep_cluttered_room

Skill      XL: |  1  2  3  4  5  6 |
---------------+-------------------+-----
Dodging        | 3 4 5 6 |  6.0
Ranged Weapons | 5 6 |  6.1
Fighting       | 2 |  2.2
Stealth        | |  1.5

Action                     |  1- 3 |  4- 6 || total
---------------------------+-------+-------++-------
   Fire: Shortbow          |   150 |   116 ||   266
    Use: Scroll            |     4 |     4 ||     8
         Potion            |       |     1 ||     1
 Armour: Robe              |    20 |    14 ||    34
  Dodge: Dodged            |    50 |    40 ||    90

Table legend:
 A = Non-vault XP
 B = Vault XP
 C = Vault XP percentage of total XP
 D = Non-vault monster count
 E = Vault monster count
 F = Vault count percentage of total count
                 A         B        C        D         E       F
            +---------+---------+-------+---------+---------+-------
      Total |     452 |      39 |   7.9 |      75 |       2 |   2.6
            +---------+---------+-------+---------+---------+-------
        D:1 |      44 |       0 |   0.0 |      26 |       0 |   0.0
        D:2 |      45 |       0 |   0.0 |      14 |       0 |   0.0
        D:3 |     145 |      39 |  21.2 |      17 |       2 |  10.5
        D:4 |     218 |       0 |   0.0 |      18 |       0 |   0.0
            +---------+---------+-------+---------+---------+-------
